 Dungeon Crawl Stone Soup version 0.20.1-1-g8b1a95d (webtiles) character file.

254 Megalobster the Conjurer (level 5, -10/28 HPs)
             Began as a Deep Elf Conjurer on July 17, 2017.
             Killed from afar by Ijyb (20 damage)
             ... with a wand of lightning (?/15)
             ... on level 3 of the Dungeon.
             The game lasted 00:09:17 (3661 turns).

Megalobster the Conjurer (Deep Elf Conjurer)        Turns: 3661, Time: 00:09:17

Health: -10/28     AC:  3    Str:  5    XL:     5   Next: 91%
Magic:  1/15       EV: 13    Int: 21    God:
Gold:   171        SH:  0    Dex: 15    Spells: 0/15 levels left

rFire    . . .     SeeInvis .   t - +0 hunting sling
rCold    . . .     Gourm    .   (no shield)
rNeg     . . .     Faith    .   a - +0 robe
rPois    .         Spirit   .   (no helmet)
rElec    .         Reflect  .   p - +0 cloak
rCorr    .         Harm     .   (no gloves)
MR       .....                  (no boots)
Stlth    ++........             (no amulet)
Regen    0.1/turn               f - +4 ring of slaying
MPRegen  0.2/turn               (no ring)

@: very slightly contaminated
A: no striking features
a: no special abilities


You were on level 3 of the Dungeon.
You were hungry.

You visited 1 branch of the dungeon, and saw 3 of its levels.

You collected 171 gold pieces.

Inventory:

Hand Weapons
 k - a -1 club
 m - a +0 short sword
 o - a +0 dagger
 t - a +0 hunting sling (weapon)
Missiles
 i - 131 stones
 j - 8 javelins of penetration (quivered)
Armour
 a - a +0 robe (worn)
 p - a +0 cloak (worn)
Jewellery
 f - a +4 ring of slaying (left hand)
Wands
 r - a wand of random effects (17/48)
Scrolls
 q - a scroll of teleportation {unknown}
 s - a scroll of amnesia {unknown}
 u - a scroll of recharging {unknown}
 v - a scroll of immolation {unknown}
 w - a scroll of enchant weapon {unknown}
Potions
 e - a potion of flight {unknown}
 g - 3 potions of mutation
 h - a potion of magic {unknown}
 l - 2 potions of curing
Books
 b - a book of Conjurations

   Spells                             Type                      Level
   a - Magic Dart                     Conjuration                  1
   b - Searing Ray                    Conjuration                  2
   c - Dazzling Spray                 Conjuration/Hexes            3
   d - Fulminant Prism                Conjuration/Hexes            4
   e - Force Lance                    Conjuration/Translocation    4
   f - Iskenderun's Mystic Blast      Conjuration                  4
Comestibles
 c - 3 bread rations
 d - 2 royal jellies
 n - a meat ration
 x - 2 chunks of flesh


   Skills:
 - Level 2.4 Dodging
 - Level 2.4 Stealth
 + Level 5.6 Spellcasting
 * Level 6.7 Conjurations
 + Level 0.0 Hexes
 + Level 0.0 Translocations


You couldn't memorise any spells.
You knew the following spells:

 Your Spells              Type           Power        Failure   Level  Hunger
a - Magic Dart            Conj           ####         1%          1    None
b - Searing Ray           Conj           ####..       1%          2    None
c - Iskenderun's Mystic   Conj           ####....     6%          4    ####...
d - Fulminant Prism       Conj/Hex       ###.......   26%         4    ####...
e - Force Lance           Conj/Tloc      ###.....     26%         4    ####...


Dungeon Overview and Level Annotations

Branches:
Dungeon (3/15)

Altars:
Dithmenos
The Shining One

Annotations:
D:3 Ijyb


Message History

Aiming: Iskenderun's Mystic Blast
Press: ? - help, Shift-Dir - straight line, f - Ijyb
Aim: Ijyb, wearing a leather armour and carrying a wand of lightning (?/15) {zapped: 1} The orb of energy hits Ijyb.
Ijyb is heavily wounded.
You are feeling hungry.
Casting: Iskenderun's Mystic Blast
Confirm with . or Enter, or press ? or * to list all spells.
Aiming: Searing Ray
Press: ? - help, Shift-Dir - straight line, f/p - Ijyb
Aim: Ijyb, wearing a leather armour and carrying a wand of lightning (?/15) {zapped: 1} (heavily wounded)
The searing ray hits Ijyb.
Ijyb is heavily wounded. (Press . to maintain the ray.)
The searing ray hits Ijyb.
Ijyb is heavily wounded.
Ijyb zaps a wand.
The bolt of lightning misses you. The bolt of lightning hits you!
Ouch! That really hurt!
You die...

#.# #......####..
#### #.........#..
#...# ##.#.####.#.. #
#..#..#
###..........[. .#.g
#..# #....######.#.#
##.. .##..##.####
#.#..
#..##...##..#.#######
#.###
#...lK%..##.........#
#.###
#.g##...##@.#######.#
#.... ##..## ##..##
#.# #####
#.#.)###g.#.# #.#
##.#..#..#.## #.#
#.#÷#...#.#÷# #.#
############# #.# #.#
# #.####### #........


You could see Ijyb.

Vanquished Creatures
  2 orc priests (D:3)
  An orc wizard (D:3)
  Jessica (D:3)
  4 gnolls (D:3)
  3 adders
  An ooze (D:1)
  A worm (D:2)
  A dart slug (D:1)
  3 leopard geckos
  2 orcs (D:3)
  6 bats
  3 giant cockroaches (D:2)
  8 goblins
  2 hobgoblins
  3 jackals (D:1)
  10 kobolds
  4 quokkas
  A ball python (D:3)
  3 frilled lizards
  A jackal skeleton (D:3)
  6 rats
66 creatures vanquished.

Notes
Turn   | Place    | Note
-------+----------+-------------------------------------------
     0 | D:1      | Megalobster the Deep Elf Conjurer began the quest for the Orb.
     0 | D:1      | Reached XP level 1. HP: 10/10 MP: 6/6
   316 | D:1      | Reached XP level 2. HP: 15/15 MP: 4/8
   725 | D:1      | Learned a level 2 spell: Searing Ray
  1004 | D:1      | Reached skill level 5 in Conjurations
  1004 | D:1      | Reached XP level 3. HP: 19/19 MP: 6/10
  2212 | D:2      | Reached XP level 4. HP: 24/24 MP: 10/12
  2219 | D:2      | Learned a level 4 spell: Iskenderun's Mystic Blast
  2224 | D:2      | Learned a level 4 spell: Force Lance
  2600 | D:3      | Noticed Jessica
  2605 | D:3      | Killed Jessica
  3001 | D:3      | Reached skill level 5 in Spellcasting
  3001 | D:3      | Reached skill level 6 in Conjurations
  3001 | D:3      | Reached XP level 5. HP: 20/28 MP: 6/14
  3354 | D:3      | Learned a level 4 spell: Fulminant Prism
  3464 | D:3      | Found a glowing golden altar of the Shining One.
  3465 | D:3      | Found a shadowy altar of Dithmenos.
  3641 | D:3      | Noticed Ijyb
  3661 | D:3      | Killed from afar by Ijyb

Skill      XL: |  1  2  3  4 |
---------------+-------------+-----
Spellcasting   | 4 5 |  5.6
Conjurations   | 5 6 |  6.7
Dodging        | |  2.4
Stealth        | |  2.4

Action                   |  1- 3 |  4- 6 || total
-------------------------+-------+-------++-------
Melee: Unarmed           |    15 |       ||    15
       Club              |     4 |       ||     4
Throw: Javelin           |       |     1 ||     1
 Cast: Magic Dart        |    43 |    35 ||    78
       Searing Ray       |     9 |    11 ||    20
       Iskenderun's Myst |       |     1 ||     1
  Use: Scroll            |       |     4 ||     4
  Eat: Chunk             |     4 |     4 ||     8
Armor: Robe              |     7 |     2 ||     9
Dodge: Dodged            |    17 |     5 ||    22
